Thunder vs Griffins

Created - April 11, 2018 at 19:02

Goals
1 2 3 T
Thunder 2 1 0 3
Griffins 0 4 0 4
Shots
1 2 3 T
Thunder 11 9 8 28
Griffins 10 17 12 39

1st period

1. Thunder , Dany Roussin 36 (Jared Staal 5, Daultan Leveillé 44) at 9:10
2. Thunder , Scott Parse 31 (Adam Hall 42, Jay Beagle 22) at 15:06

Penalties :
Austin Wuthrich (TRO) for Tripping (Minor) at 11:52

2nd period

3. Griffins , Tye McGinn 26 (Jamie Arniel 62) at 7:08
4. Thunder , Daultan Leveillé 26 (Dany Roussin 56) at 12:35 (PP)
5. Griffins , Tye McGinn 27 (Lukas Krajicek 20, Ben Hanowski 20) at 13:30 (PP)
6. Griffins , Ben Hanowski 18 (Nathan Oystrick 14, Robert Dome 30) at 14:46
7. Griffins , J.T. Brown 18 (Greg Mauldin 14) at 19:02

Penalties :
Mike Hoffman (TRO) for Holding Stick (Minor) at 1:01, J.T. Brown (Cap) for Roughing (Minor) at 12:03, Jay Beagle (TRO) for Interference (Minor) at 12:53, Oscar Klefbom (Cap) for Slashing (Minor) at 15:11

3rd period

No Goal

Penalties :
Quinton Howden (Cap) for Hooking (Minor) at 4:53, Dougie Hamilton (TRO) for Diving (Minor) at 14:34, Oscar Klefbom (Cap) for Holding (Minor) at 17:26

Goalie Stats

Jake Allen (TRO), 35 saves from 39 shots - (0.897), L, 7-11-0, 59:56 minutes
Malcolm Subban (Cap), 25 saves from 28 shots - (0.893), W, 7-8-2, 60:00 minutes

Players Stats for Thunder

Player Name              G  A  P  +/- PIM S  H  SB GA TA FO     MP     PP MP  PK MP  
------------------------------------------------------------------------------------
Adam Hall                0  1  1   0  0   4  0  0  0  0  0/0    21:14   3:13   1:37 
Austin Wuthrich          0  0  0   0  2   0  1  0  0  0  0/0     7:16   0:00   0:00 
Dany Roussin             1  1  2   0  0   3  0  2  0  0  1/1    18:04   3:11   3:21 
Daultan Leveillé         1  1  2   0  0   4  1  1  0  0  3/11   14:42   3:11   0:00 
David Fischer            0  0  0   0  0   0  5  4  0  0  0/0    25:24   3:44   3:06 
David Wolf               0  0  0   0  0   0  0  0  0  1  0/1     7:40   0:00   0:24 
Dougie Hamilton          0  0  0  -2  2   1  2  3  0  1  0/0    18:56   2:45   1:51 
Gianluca Curcuruto       0  0  0   0  0   0  1  1  0  0  0/0     5:40   0:00   0:35 
Jamie McGinn             0  0  0   0  0   0  0  0  0  0  0/0     0:39   0:05   0:00 
Jared Staal              0  1  1   0  0   1  0  0  0  0  0/1    14:42   3:11   0:00 
Jay Beagle               0  1  1   0  2   4  2  0  0  1  13/32  21:04   3:13   1:28 
Joe Labate               0  0  0   0  0   0  0  0  0  1  0/0     7:16   0:00   0:00 
Joey Ryan                0  0  0  -2  0   1  1  1  0  1  0/0    19:59   2:45   2:53 
Michael Stone            0  0  0   0  0   1  1  3  0  1  0/0    25:24   3:44   3:06 
Mike Hoffman             0  0  0  -1  2   2  0  0  2  0  0/1    12:19   0:00   1:09 
Mikko Vainonen           0  0  0   0  0   0  0  2  0  0  0/0     5:40   0:00   0:35 
Nikolay Prokhorkin       0  0  0   0  0   0  0  0  0  0  0/0     0:39   0:05   0:00 
Peter Andersson          0  0  0   1  0   0  0  3  0  1  0/0    10:33   0:00   1:02 
Ryan Nugent-Hopkins      0  0  0  -1  0   0  0  1  0  0  2/3    10:29   0:00   0:00 
Scott Parse              1  0  1   0  0   6  1  1  1  1  5/9    23:10   3:13   3:24 
Thomas Spelling          0  0  0  -1  0   1  0  0  0  0  0/0    11:08   0:05   0:00 
Zach Redmond             0  0  0   1  0   0  0  1  0  1  0/0     8:57   0:00   0:00 
Zach Stepan              0  0  0   0  0   0  0  0  0  0  0/0     2:27   0:00   1:45 

Players Stats for Griffins

Player Name              G  A  P  +/- PIM S  H  SB GA TA FO     MP     PP MP  PK MP  
------------------------------------------------------------------------------------
Ben Hanowski             1  1  2   1  0   2  1  0  1  0  1/1    15:28   3:06   0:00 
Devin Shore              0  0  0   1  0   0  1  0  0  0  5/6    17:14   3:06   0:42 
Gord Baldwin             0  0  0  -1  0   0  0  0  0  0  0/0    17:01   0:00   4:16 
Greg Mauldin             0  1  1   0  0   1  1  0  1  0  4/5    10:37   0:00   0:00 
J.T. Brown               1  0  1   0  2   6  3  0  0  0  0/0    10:36   0:00   0:00 
Jamie Arniel             0  1  1   0  0   4  1  0  1  0  22/37  21:50   3:28   4:02 
Jan Mursak               0  0  0   0  0   4  1  0  1  0  0/0    10:19   0:00   1:45 
Justin Braun             0  0  0  -1  0   1  3  0  1  0  0/0    16:39   0:00   2:13 
Lukas Krajicek           0  1  1   0  0   1  2  1  1  1  0/0    26:21   4:07   4:16 
Mike Duco                0  0  0   0  0   2  1  1  0  0  0/0    10:19   0:00   1:45 
Nathan Oystrick          0  1  1   2  0   2  1  0  0  1  0/0    17:10   0:00   2:13 
Oscar Klefbom            0  0  0   0  4   0  2  1  0  0  0/0    22:38   4:07   0:00 
Petr Pohl                0  0  0   0  0   4  1  1  1  0  0/3    22:25   3:28   4:03 
Petter Granberg          0  0  0   0  0   1  0  0  0  0  0/0     8:05   2:27   0:00 
Pontus Aberg             0  0  0   0  0   1  2  0  1  0  0/0    10:37   0:00   0:00 
Quinton Howden           0  0  0   0  2   1  0  0  1  0  2/5     9:02   0:00   0:00 
Robert Dome              0  1  1   1  0   4  3  0  0  0  0/0    15:55   3:28   0:00 
Simon Despres            0  0  0   2  0   1  0  1  0  0  0/0    12:39   2:27   0:00 
Tye McGinn               2  0  2   0  0   4  1  0  0  1  1/2    18:32   3:06   0:41 

3 Stars

1 - Tye McGinn (Cap)
2 - Ben Hanowski (Cap)
3 - Daultan Leveillé (TRO)

Power Play

Thunder - 1 on 4 Attempt(s) - 25.00%
Griffins - 1 on 4 Attempt(s) - 25.00%

Penalty Kill

Thunder - 3 on 4 Attempt(s) - 75.00% - Score 0 goal in Penalty Kill
Griffins - 3 on 4 Attempt(s) - 75.00% - Score 0 goal in Penalty Kill

Team Stat

Thunder - Hits : 15 - Faceoff Wins : 24 - Blocked Shots : 23 - Penalty Minutes : 8
Griffins - Hits : 24 - Faceoff Wins : 35 - Blocked Shots : 5 - Penalty Minutes : 8

Official

Referees : Hasenfratz Mike and Rooney Chris
Linesman : Pierre Racicot and Mark Pare

Game Notes

No Game Note

Finance

Level 1 -- Attendance: 1455 (72.75%) -- Ticket Income $50,925
Level 2 -- Attendance: 774 (77.40%) -- Ticket Income $15,480
Total Attendance: 2229 (74.30%)
Total Ticket Income: $66,405
Other Income: $3,320
Total Income: $69,725

Thunder

5 vs 5 Forward 
   Center                   Left Wing                Right Wing               Time % Phy DF OF 
 1 Jay Beagle               Scott Parse              Adam Hall                40     1   2  2  
 2 Daultan Leveillé         Dany Roussin             Jared Staal              30     1   2  2  
 3 Ryan Nugent-Hopkins      Mike Hoffman             Thomas Spelling          20     1   2  2  
 4 Joe Labate               David Wolf               Austin Wuthrich          10     1   2  2  

5 vs 5 Defense 
   Defense                  Defense                                           Time % Phy DF OF 
 1 David Fischer            Michael Stone                                     40     1   2  2  
 2 Dougie Hamilton          Joey Ryan                                         30     1   2  2  
 3 Zach Redmond             Peter Andersson                                   20     1   2  2  
 4 Mikko Vainonen           Gianluca Curcuruto                                10     1   2  2  

PowerPlay Forward 
   Center                   Left Wing                Right Wing               Time % Phy DF OF 
 1 Jay Beagle               Scott Parse              Adam Hall                60     1   2  2  
 2 Daultan Leveillé         Dany Roussin             Jared Staal              40     1   2  2  

PowerPlay Defense
   Defense                  Defense                                           Time % Phy DF OF 
 1 David Fischer            Michael Stone                                     60     1   2  2  
 2 Dougie Hamilton          Joey Ryan                                         40     1   2  2  

Penalty Kill 4 Players Forward 
   Center                   Wing                     Time % Phy DF OF 
 1 Scott Parse              Dany Roussin             60     1   2  2  
 2 Adam Hall                Jay Beagle               40     1   2  2  

Penalty Kill 4 Players Defense
   Defense                  Defense                  Time % Phy DF OF 
 1 David Fischer            Michael Stone            60     1   2  2  
 2 Dougie Hamilton          Joey Ryan                40     1   2  2  

Penalty Kill - 3 Players Forward 
   Forward                                           Time % Phy DF OF 
 1 Scott Parse                                       60     1   2  2  
 2 Dany Roussin                                      40     1   2  2  

Penalty Kill - 3 Players Defense
   Defense                  Defense                  Time % Phy DF OF 
 1 David Fischer            Michael Stone            60     1   2  2  
 2 Dougie Hamilton          Joey Ryan                40     1   2  2  

4 vs 4 Forward 
   Center                   Wing                     Time % Phy DF OF 
 1 Scott Parse              Dany Roussin             60     1   2  2  
 2 Adam Hall                Jay Beagle               40     1   2  2  

4 vs 4 Defense
   Defense                  Defense                  Time % Phy DF OF 
 1 David Fischer            Michael Stone            60     1   2  2  
 2 Dougie Hamilton          Joey Ryan                40     1   2  2  

Last Minutes Offensive
   Center                   Left Wing                Right Wing               Defense                  Defense                  
   Jay Beagle               Scott Parse              Adam Hall                David Fischer            Michael Stone            

Last Minutes Defensive
   Center                   Left Wing                Right Wing               Defense                  Defense                  
   Jay Beagle               Scott Parse              Adam Hall                David Fischer            Michael Stone            

Goaltenders
Starting : Jake Allen               
Backup : Connor Hellebyuk         

Extra Forwards
Normal : Jamie McGinn, Nikolay Prokhorkin, Zach Stepan - PP : Jamie McGinn, Nikolay Prokhorkin - PK : Zach Stepan
Extra Defensemen
Normal : Zach Redmond, Peter Andersson, Mikko Vainonen - PP : Zach Redmond - PK : Peter Andersson, Mikko Vainonen
Penalty Shots
Scott Parse, Dany Roussin, Adam Hall, Jay Beagle, Daultan Leveillé

Scratches
Devan Dubnyk (Healthy), Niklas Treutle (Healthy)

Griffins

5 vs 5 Forward 
   Center                   Left Wing                Right Wing               Time % Phy DF OF 
 1 Jamie Arniel             Tye McGinn               Petr Pohl                40     0   2  3  
 2 Devin Shore              Robert Dome              Ben Hanowski             30     0   2  3  
 3 Greg Mauldin             Pontus Aberg             J.T. Brown               20     0   2  3  
 4 Quinton Howden           Jan Mursak               Mike Duco                10     0   2  3  

5 vs 5 Defense 
   Defense                  Defense                                           Time % Phy DF OF 
 1 Lukas Krajicek           Oscar Klefbom                                     40     1   2  2  
 2 Gord Baldwin             Justin Braun                                      30     1   2  2  
 3 Nathan Oystrick          Simon Despres                                     20     1   2  2  
 4 Nathan Oystrick          Petter Granberg                                   10     1   2  2  

PowerPlay Forward 
   Center                   Left Wing                Right Wing               Time % Phy DF OF 
 1 Jamie Arniel             Robert Dome              Petr Pohl                60     0   1  4  
 2 Devin Shore              Tye McGinn               Ben Hanowski             40     0   1  4  

PowerPlay Defense
   Defense                  Defense                                           Time % Phy DF OF 
 1 Oscar Klefbom            Lukas Krajicek                                    60     0   1  4  
 2 Petter Granberg          Simon Despres                                     40     0   1  4  

Penalty Kill 4 Players Forward 
   Center                   Wing                     Time % Phy DF OF 
 1 Jamie Arniel             Petr Pohl                60     1   2  2  
 2 Jan Mursak               Mike Duco                40     1   2  2  

Penalty Kill 4 Players Defense
   Defense                  Defense                  Time % Phy DF OF 
 1 Gord Baldwin             Lukas Krajicek           60     1   2  2  
 2 Justin Braun             Nathan Oystrick          40     1   2  2  

Penalty Kill - 3 Players Forward 
   Forward                                           Time % Phy DF OF 
 1 Jan Mursak                                        60     1   2  2  
 2 Mike Duco                                         40     1   2  2  

Penalty Kill - 3 Players Defense
   Defense                  Defense                  Time % Phy DF OF 
 1 Gord Baldwin             Lukas Krajicek           60     1   2  2  
 2 Justin Braun             Nathan Oystrick          40     1   2  2  

4 vs 4 Forward 
   Center                   Wing                     Time % Phy DF OF 
 1 Jamie Arniel             Petr Pohl                60     1   2  2  
 2 Greg Mauldin             Tye McGinn               40     1   2  2  

4 vs 4 Defense
   Defense                  Defense                  Time % Phy DF OF 
 1 Nathan Oystrick          Gord Baldwin             60     1   2  2  
 2 Lukas Krajicek           Justin Braun             40     1   2  2  

Last Minutes Offensive
   Center                   Left Wing                Right Wing               Defense                  Defense                  
   Jamie Arniel             Tye McGinn               Petr Pohl                Lukas Krajicek           Oscar Klefbom            

Last Minutes Defensive
   Center                   Left Wing                Right Wing               Defense                  Defense                  
   Jamie Arniel             Jan Mursak               Mike Duco                Gord Baldwin             Nathan Oystrick          

Goaltenders
Starting : Malcolm Subban           
Backup : Jason Missiaen           

Extra Forwards
Normal : Petr Pohl, Tye McGinn, Robert Dome - PP : Pontus Aberg, Ben Hanowski - PK : Petr Pohl
Extra Defensemen
Normal : Oscar Klefbom, Simon Despres, Petter Granberg - PP : Justin Braun - PK : Justin Braun, Simon Despres
Penalty Shots
Jamie Arniel, Jan Mursak, Ben Hanowski, Devin Shore, Robert Dome

Scratches
Vladislav Namestnikov (Healthy), Garrett Wilson (Healthy), Tanner Kero (Healthy), Greg McKegg (Healthy), Lucas Lessio (Healthy)
Kyle Lawson (Healthy), Brett Bulmer (Healthy), Stuart Percy (Healthy), Rich Clune (Healthy), Jerome Gauthier-Leduc (Healthy)
Konrad Abeltshauser (Healthy), Tomas Hyka (Healthy), Brian Hart (Healthy), Casey Wellman (Healthy), Thomas Greiss (Healthy)

% Time on Ice - Thunder

Lines # - Real PCT - Wanted PCT - Time Play
Normal Forward
1 - 38% - 40% - 17:41
2 - 25% - 30% - 11:31
3 - 22% - 20% - 10:29
4 - 15% - 10% - 7:16
Normal Defense
1 - 40% - 40% - 18:34
2 - 31% - 30% - 14:21
3 - 19% - 20% - 8:57
4 - 11% - 10% - 5:05
PP Forward
1 - 51% - 60% - 3:18
2 - 49% - 40% - 3:11
PP Defense
1 - 58% - 60% - 3:44
2 - 42% - 40% - 2:45
PK Forward
1 - 75% - 60% - 4:57
2 - 25% - 40% - 1:37
PK Defense
1 - 47% - 60% - 3:06
2 - 53% - 40% - 3:28
PK3 Forward
1 - 0% - 60%
2 - 0% - 40%
PK3 Defense
1 - 0% - 60%
2 - 0% - 40%
44 Forward
1 - 0% - 60%
2 - 0% - 40%
44 Defense
1 - 0% - 60%
2 - 0% - 40%
Last Minute Offensive  - 0:00
Last Minute Defensive  - 0:00
Total
Forward - 60:00
Defense - 60:00

% Time on Ice - Griffins

Lines # - Real PCT - Wanted PCT - Time Play
Normal Forward
1 - 33% - 40% - 15:24
2 - 26% - 30% - 12:23
3 - 23% - 20% - 10:37
4 - 18% - 10% - 8:33
Normal Defense
1 - 38% - 40% - 17:58
2 - 33% - 30% - 15:20
3 - 19% - 20% - 9:07
4 - 10% - 10% - 4:32
PP Forward
1 - 53% - 60% - 3:28
2 - 47% - 40% - 3:06
PP Defense
1 - 63% - 60% - 4:07
2 - 37% - 40% - 2:27
PK Forward
1 - 73% - 60% - 4:44
2 - 27% - 40% - 1:45
PK Defense
1 - 66% - 60% - 4:16
2 - 34% - 40% - 2:13
PK3 Forward
1 - 0% - 60%
2 - 0% - 40%
PK3 Defense
1 - 0% - 60%
2 - 0% - 40%
44 Forward
1 - 0% - 60%
2 - 0% - 40%
44 Defense
1 - 0% - 60%
2 - 0% - 40%
Last Minute Offensive  - 0:00
Last Minute Defensive  - 0:00
Total
Forward - 60:00
Defense - 60:00

Play by Play

1st period


0:01 of 1st period - Jay Beagle wins face-off versus Tye McGinn in neutral zone.
0:12 of 1st period - Wrist shot by Adam Hall.
0:12 of 1st period - Stopped by Malcolm Subban with a rebound.
0:26 of 1st period - Ben Hanowski is hit by David Fischer and loses puck.
1:13 of 1st period - Mike Duco is hit by Austin Wuthrich and loses puck.
2:00 of 1st period - Snap shot by Dougie Hamilton.
2:00 of 1st period - Deflect By Ben Hanowski.
2:00 of 1st period - Stopped by Malcolm Subban without a rebound.
2:01 of 1st period - Devin Shore wins face-off versus Mike Hoffman in Griffins zone.
2:26 of 1st period - Snap shot by Ben Hanowski.
2:26 of 1st period - Deflect By Zach Redmond.
2:26 of 1st period - Shot Blocked by Peter Andersson.
2:26 of 1st period - Puck is out of play.
2:27 of 1st period - Scott Parse wins face-off versus Jamie Arniel in Thunder zone.
3:01 of 1st period - Slapshot by Lukas Krajicek.
3:01 of 1st period - Shot Blocked by Michael Stone.
3:42 of 1st period - Wrist shot by Jamie Arniel.
3:42 of 1st period - Stopped by Jake Allen with a rebound.
3:44 of 1st period - Slapshot by Petr Pohl.
3:44 of 1st period - Shot Blocked by Gianluca Curcuruto.
3:46 of 1st period - Slapshot by Tye McGinn.
3:46 of 1st period - Stopped by Jake Allen with a rebound.
3:48 of 1st period - Wrist shot by Oscar Klefbom.
3:48 of 1st period - Shot Blocked by Mikko Vainonen.
4:00 of 1st period - Snap shot by J.T. Brown.
4:00 of 1st period - Shot Blocked by Ryan Nugent-Hopkins.
4:02 of 1st period - Slapshot by Nathan Oystrick.
4:02 of 1st period - Shot Blocked by Mikko Vainonen.
4:04 of 1st period - Slapshot by Simon Despres.
4:04 of 1st period - Stopped by Jake Allen with a rebound.
4:52 of 1st period - Icing by Daultan Leveillé.
4:53 of 1st period - Daultan Leveillé wins face-off versus Jamie Arniel in Thunder zone.
5:10 of 1st period - Wrist shot by Dany Roussin.
5:10 of 1st period - Stopped by Malcolm Subban without a rebound.
5:11 of 1st period - Devin Shore wins face-off versus Jay Beagle in Griffins zone.
5:42 of 1st period - Snap shot by Petr Pohl.
5:42 of 1st period - Stopped by Jake Allen without a rebound.
5:43 of 1st period - Daultan Leveillé wins face-off versus Jamie Arniel in Thunder zone.
6:31 of 1st period - Slapshot by Adam Hall.
6:31 of 1st period - Deflect By Scott Parse.
6:31 of 1st period - Stopped by Malcolm Subban with a rebound.
6:41 of 1st period - Wrist shot by Jay Beagle.
6:41 of 1st period - Stopped by Malcolm Subban with a rebound.
7:18 of 1st period - Snap shot by Daultan Leveillé.
7:18 of 1st period - Shot Misses the Net.
8:38 of 1st period - Mike Duco is hit by Jay Beagle and loses puck.
8:47 of 1st period - Jay Beagle is hit by Mike Duco and loses puck.
9:02 of 1st period - Snap shot by Dany Roussin.
9:02 of 1st period - Shot Misses the Net.
9:04 of 1st period - Wrist shot by Dany Roussin.
9:04 of 1st period - Shot Misses the Net.
9:06 of 1st period - Slapshot by Dany Roussin.
9:06 of 1st period - Shot Misses the Net.
9:08 of 1st period - Backhand shot by Jared Staal.
9:08 of 1st period - Shot Misses the Net.
9:10 of 1st period - Snap shot by Dany Roussin.
9:10 of 1st period - Goal by Dany Roussin - Thunder : 1 - Griffins : 0.
9:11 of 1st period - Jamie Arniel wins face-off versus Jay Beagle in neutral zone.
9:47 of 1st period - Wrist shot by J.T. Brown.
9:47 of 1st period - Shot Blocked by David Fischer.
10:58 of 1st period - Snap shot by Mike Hoffman.
10:58 of 1st period - Stopped by Malcolm Subban without a rebound.
10:59 of 1st period - Greg Mauldin wins face-off versus Ryan Nugent-Hopkins in Griffins zone.
11:14 of 1st period - Snap shot by J.T. Brown.
11:14 of 1st period - Stopped by Jake Allen with a rebound.
11:45 of 1st period - Slapshot by Dougie Hamilton.
11:45 of 1st period - Shot Blocked by Lukas Krajicek.
11:52 of 1st period - Minor Penalty to Austin Wuthrich for Tripping.
11:53 of 1st period - Scott Parse wins face-off versus Jamie Arniel in Thunder zone.
11:53 of 1st period - Scott Parse is hit by Oscar Klefbom.
11:59 of 1st period - Snap shot by Robert Dome.
11:59 of 1st period - Deflect By Scott Parse.
11:59 of 1st period - Shot Blocked by Dany Roussin.
11:59 of 1st period - Puck is out of play.
12:00 of 1st period - Scott Parse wins face-off versus Jamie Arniel in Thunder zone.
12:00 of 1st period - Scott Parse is hit by Robert Dome.
12:10 of 1st period - Snap shot by Jamie Arniel.
12:10 of 1st period - Stopped by Jake Allen with a rebound.
12:12 of 1st period - Slapshot by Oscar Klefbom.
12:12 of 1st period - Shot Blocked by David Fischer.
12:14 of 1st period - Slapshot by Lukas Krajicek.
12:14 of 1st period - Shot Misses the Net.
13:52 of 1st period - Penalty to Austin Wuthrich is over, Austin Wuthrich is back on ice.
14:32 of 1st period - Wrist shot by Dany Roussin.
14:32 of 1st period - Deflect By Gord Baldwin.
14:32 of 1st period - Shot Misses the Net.
14:32 of 1st period - Puck is out of play.
14:33 of 1st period - Greg Mauldin wins face-off versus Daultan Leveillé in Griffins zone.
14:42 of 1st period - Wrist shot by J.T. Brown.
14:42 of 1st period - Stopped by Jake Allen without a rebound.
14:43 of 1st period - Jamie Arniel wins face-off versus Jay Beagle in Thunder zone.
14:50 of 1st period - Snap shot by Jamie Arniel.
14:50 of 1st period - Deflect By Petr Pohl.
14:50 of 1st period - Stopped by Jake Allen with a rebound.
14:56 of 1st period - Snap shot by Scott Parse.
14:56 of 1st period - Stopped by Malcolm Subban without a rebound.
14:57 of 1st period - Jay Beagle wins face-off versus Jamie Arniel in Griffins zone.
15:06 of 1st period - Snap shot by Scott Parse.
15:06 of 1st period - Goal by Scott Parse - Thunder : 2 - Griffins : 0.
15:07 of 1st period - Jay Beagle wins face-off versus Jamie Arniel in neutral zone.
15:16 of 1st period - Slapshot by Tye McGinn.
15:16 of 1st period - Stopped by Jake Allen without a rebound.
15:17 of 1st period - Jamie Arniel wins face-off versus Jay Beagle in Thunder zone.
15:26 of 1st period - Snap shot by Jamie Arniel.
15:26 of 1st period - Shot Blocked by David Fischer.
15:28 of 1st period - Wrist shot by Jamie Arniel.
15:28 of 1st period - Shot Misses the Net.
15:30 of 1st period - Wrist shot by Jamie Arniel.
15:30 of 1st period - Stopped by Jake Allen without a rebound.
15:31 of 1st period - Devin Shore wins face-off versus Jared Staal in Thunder zone.
16:40 of 1st period - Zach Redmond is hit by Robert Dome and loses puck.
18:56 of 1st period - Slapshot by Jamie Arniel.
18:56 of 1st period - Shot Misses the Net.
19:10 of 1st period - Wrist shot by Ryan Nugent-Hopkins.
19:10 of 1st period - Shot Misses the Net.
19:12 of 1st period - Snap shot by Ryan Nugent-Hopkins.
19:12 of 1st period - Shot Blocked by Oscar Klefbom.
19:14 of 1st period - Snap shot by Mike Hoffman.
19:14 of 1st period - Stopped by Malcolm Subban with a rebound.
19:16 of 1st period - Snap shot by Mike Hoffman.
19:16 of 1st period - Shot Misses the Net.
19:18 of 1st period - Snap shot by Thomas Spelling.
19:18 of 1st period - Stopped by Malcolm Subban with a rebound.
19:53 of 1st period - Slapshot by Petr Pohl.
19:53 of 1st period - Shot Misses the Net.
19:55 of 1st period - Wrist shot by Jamie Arniel.
19:55 of 1st period - Shot Blocked by Zach Redmond.
Goals for this period are 2 for Thunder vs 0 for Griffins.
Shots for this period are 11 for Thunder vs 10 for Griffins.

2nd period


0:01 of 2nd period - Jay Beagle wins face-off versus Jamie Arniel in neutral zone.
1:01 of 2nd period - Minor Penalty to Mike Hoffman for Holding Stick.
1:02 of 2nd period - Jamie Arniel wins face-off versus Scott Parse in Thunder zone.
1:35 of 2nd period - Dougie Hamilton is hit by Tye McGinn and loses puck.
2:50 of 2nd period - Jamie Arniel is hit by David Fischer.
3:01 of 2nd period - Penalty to Mike Hoffman is over, Mike Hoffman is back on ice.
3:34 of 2nd period - Wrist shot by Jan Mursak.
3:34 of 2nd period - Shot Hit the Post.
3:36 of 2nd period - Snap shot by Mike Duco.
3:36 of 2nd period - Stopped by Jake Allen without a rebound.
3:37 of 2nd period - Dany Roussin wins face-off versus Quinton Howden in Thunder zone.
3:53 of 2nd period - Snap shot by Jan Mursak.
3:53 of 2nd period - Stopped by Jake Allen with a rebound.
3:55 of 2nd period - Slapshot by Quinton Howden.
3:55 of 2nd period - Stopped by Jake Allen without a rebound.
3:56 of 2nd period - Jamie Arniel wins face-off versus Jay Beagle in Thunder zone.
4:29 of 2nd period - Wrist shot by Dany Roussin.
4:29 of 2nd period - Deflect By Daultan Leveillé.
4:29 of 2nd period - Stopped by Malcolm Subban with a rebound.
4:39 of 2nd period - Jared Staal is hit by Robert Dome and loses puck.
4:50 of 2nd period - Wrist shot by Robert Dome.
4:50 of 2nd period - Shot Misses the Net.
4:58 of 2nd period - Slapshot by Ben Hanowski.
4:58 of 2nd period - Deflect By Robert Dome.
4:58 of 2nd period - Shot Misses the Net.
4:58 of 2nd period - Puck is out of play.
4:59 of 2nd period - Jamie Arniel wins face-off versus Jay Beagle in Thunder zone.
5:24 of 2nd period - David Fischer is hit by J.T. Brown and loses puck.
5:51 of 2nd period - Dougie Hamilton is hit by Nathan Oystrick and loses puck.
6:02 of 2nd period - Gord Baldwin is hit by Joey Ryan and loses puck.
6:15 of 2nd period - Joe Labate is hit by Ben Hanowski and loses puck.
6:44 of 2nd period - Wrist shot by Robert Dome.
6:44 of 2nd period - Stopped by Jake Allen without a rebound.
6:45 of 2nd period - Jamie Arniel wins face-off versus Jay Beagle in Thunder zone.
6:57 of 2nd period - Off-side.
6:58 of 2nd period - Tye McGinn wins face-off versus Jay Beagle in neutral zone.
7:00 of 2nd period - Lukas Krajicek is hit by David Fischer and loses puck.
7:06 of 2nd period - Icing by Jay Beagle.
7:07 of 2nd period - Jamie Arniel wins face-off versus Jay Beagle in Thunder zone.
7:08 of 2nd period - Snap shot by Tye McGinn.
7:08 of 2nd period - Deflect By Scott Parse.
7:08 of 2nd period - Goal by Tye McGinn - Thunder : 2 - Griffins : 1.
7:09 of 2nd period - Jamie Arniel wins face-off versus Scott Parse in neutral zone.
7:38 of 2nd period - Slapshot by Lukas Krajicek.
7:38 of 2nd period - Stopped by Jake Allen with a rebound.
7:44 of 2nd period - Snap shot by David Fischer.
7:44 of 2nd period - Deflect By Jared Staal.
7:44 of 2nd period - Stopped by Malcolm Subban with a rebound.
7:46 of 2nd period - Wrist shot by Daultan Leveillé.
7:46 of 2nd period - Stopped by Malcolm Subban with a rebound.
7:48 of 2nd period - Slapshot by David Fischer.
7:48 of 2nd period - Shot Misses the Net.
8:43 of 2nd period - Snap shot by Jay Beagle.
8:43 of 2nd period - Stopped by Malcolm Subban with a rebound.
8:45 of 2nd period - Snap shot by Joey Ryan.
8:45 of 2nd period - Shot Blocked by Petr Pohl.
9:05 of 2nd period - Snap shot by Ben Hanowski.
9:05 of 2nd period - Stopped by Jake Allen with a rebound.
9:07 of 2nd period - Slapshot by Devin Shore.
9:07 of 2nd period - Shot Blocked by Dany Roussin.
9:21 of 2nd period - Snap shot by J.T. Brown.
9:21 of 2nd period - Stopped by Jake Allen with a rebound.
10:56 of 2nd period - Slapshot by Oscar Klefbom.
10:56 of 2nd period - Shot Hit the Post.
10:58 of 2nd period - Snap shot by J.T. Brown.
10:58 of 2nd period - Stopped by Jake Allen with a rebound.
11:00 of 2nd period - Snap shot by Oscar Klefbom.
11:00 of 2nd period - Shot Blocked by Dougie Hamilton.
11:02 of 2nd period - Snap shot by Lukas Krajicek.
11:02 of 2nd period - Shot Misses the Net.
11:04 of 2nd period - Slapshot by Pontus Aberg.
11:04 of 2nd period - Stopped by Jake Allen without a rebound.
11:05 of 2nd period - Jamie Arniel wins face-off versus Scott Parse in Thunder zone.
11:16 of 2nd period - Wrist shot by Jamie Arniel.
11:16 of 2nd period - Stopped by Jake Allen without a rebound.
11:17 of 2nd period - Jay Beagle wins face-off versus Petr Pohl in Thunder zone.
12:03 of 2nd period - Minor Penalty to J.T. Brown for Roughing.
12:04 of 2nd period - Jay Beagle wins face-off versus Jamie Arniel in Griffins zone.
12:18 of 2nd period - Petr Pohl is hit by Jay Beagle.
12:30 of 2nd period - Gord Baldwin is hit by David Fischer and loses puck.
12:35 of 2nd period - Snap shot by Daultan Leveillé.
12:35 of 2nd period - Goal by Daultan Leveillé - Thunder : 3 - Griffins : 1.
12:36 of 2nd period - Jamie Arniel wins face-off versus Jay Beagle in neutral zone.
12:42 of 2nd period - Icing by Tye McGinn.
12:43 of 2nd period - Jamie Arniel wins face-off versus Jay Beagle in Griffins zone.
12:53 of 2nd period - Minor Penalty to Jay Beagle for Interference.
12:54 of 2nd period - Jamie Arniel wins face-off versus Scott Parse in Thunder zone.
12:54 of 2nd period - Slapshot by Robert Dome.
12:54 of 2nd period - Shot Misses the Net.
13:30 of 2nd period - Wrist shot by Tye McGinn.
13:30 of 2nd period - Goal by Tye McGinn - Thunder : 3 - Griffins : 2.
13:31 of 2nd period - Scott Parse wins face-off versus Jamie Arniel in neutral zone.
13:34 of 2nd period - Snap shot by Jay Beagle.
13:34 of 2nd period - Stopped by Malcolm Subban with a rebound.
14:14 of 2nd period - Snap shot by Robert Dome.
14:14 of 2nd period - Shot Blocked by David Fischer.
14:16 of 2nd period - Snap shot by Robert Dome.
14:16 of 2nd period - Shot Misses the Net.
14:18 of 2nd period - Wrist shot by Robert Dome.
14:18 of 2nd period - Stopped by Jake Allen without a rebound.
14:19 of 2nd period - Ben Hanowski wins face-off versus Daultan Leveillé in Thunder zone.
14:40 of 2nd period - Snap shot by Ben Hanowski.
14:40 of 2nd period - Shot Blocked by Dougie Hamilton.
14:42 of 2nd period - Slapshot by Nathan Oystrick.
14:42 of 2nd period - Shot Blocked by Daultan Leveillé.
14:44 of 2nd period - Slapshot by Nathan Oystrick.
14:44 of 2nd period - Deflect By Joey Ryan.
14:44 of 2nd period - Stopped by Jake Allen with a rebound.
14:46 of 2nd period - Wrist shot by Ben Hanowski.
14:46 of 2nd period - Goal by Ben Hanowski - Thunder : 3 - Griffins : 3.
14:47 of 2nd period - Jay Beagle wins face-off versus Petr Pohl in neutral zone.
14:54 of 2nd period - Wrist shot by Scott Parse.
14:54 of 2nd period - Shot Misses the Net.
14:56 of 2nd period - Wrist shot by Scott Parse.
14:56 of 2nd period - Shot Misses the Net.
14:58 of 2nd period - Wrist shot by Scott Parse.
14:58 of 2nd period - Stopped by Malcolm Subban without a rebound.
14:59 of 2nd period - Jay Beagle wins face-off versus Jamie Arniel in Griffins zone.
15:06 of 2nd period - Slapshot by Scott Parse.
15:06 of 2nd period - Stopped by Malcolm Subban without a rebound.
15:07 of 2nd period - Jay Beagle wins face-off versus Jamie Arniel in Griffins zone.
15:11 of 2nd period - Minor Penalty to Oscar Klefbom for Slashing.
15:12 of 2nd period - Jamie Arniel wins face-off versus Jay Beagle in Griffins zone.
15:12 of 2nd period - Jamie Arniel is hit by Scott Parse.
15:47 of 2nd period - Wrist shot by Dany Roussin.
15:47 of 2nd period - Shot Misses the Net.
16:03 of 2nd period - Wrist shot by Mike Duco.
16:03 of 2nd period - Deflect By Jan Mursak.
16:03 of 2nd period - Shot Blocked by Scott Parse.
16:03 of 2nd period - Puck is out of play.
16:04 of 2nd period - Jamie Arniel wins face-off versus Daultan Leveillé in Thunder zone.
16:41 of 2nd period - Gord Baldwin is hit by Daultan Leveillé and loses puck.
16:46 of 2nd period - Slapshot by Dougie Hamilton.
16:46 of 2nd period - Deflect By Daultan Leveillé.
16:46 of 2nd period - Stopped by Malcolm Subban without a rebound.
16:47 of 2nd period - Jamie Arniel wins face-off versus Daultan Leveillé in Griffins zone.
17:11 of 2nd period - Penalty to Oscar Klefbom is over, Oscar Klefbom is back on ice.
17:19 of 2nd period - Slapshot by Robert Dome.
17:19 of 2nd period - Stopped by Jake Allen with a rebound.
17:25 of 2nd period - Snap shot by Jay Beagle.
17:25 of 2nd period - Shot Misses the Net.
17:45 of 2nd period - Slapshot by Greg Mauldin.
17:45 of 2nd period - Shot Blocked by Peter Andersson.
17:52 of 2nd period - Icing by Zach Redmond.
17:53 of 2nd period - Ryan Nugent-Hopkins wins face-off versus Quinton Howden in Thunder zone.
18:26 of 2nd period - Joey Ryan is hit by Jamie Arniel and loses puck.
18:49 of 2nd period - Devin Shore is hit by Dougie Hamilton and loses puck.
19:02 of 2nd period - Wrist shot by J.T. Brown.
19:02 of 2nd period - Goal by J.T. Brown - Thunder : 3 - Griffins : 4.
19:03 of 2nd period - Jay Beagle wins face-off versus Jamie Arniel in neutral zone.
19:28 of 2nd period - Slapshot by Robert Dome.
19:28 of 2nd period - Shot Misses the Net.
19:50 of 2nd period - Dougie Hamilton is hit by Pontus Aberg.
Goals for this period are 1 for Thunder vs 4 for Griffins.
Shots for this period are 9 for Thunder vs 17 for Griffins.

3rd period


0:01 of 3rd period - Jay Beagle wins face-off versus Jamie Arniel in neutral zone.
0:52 of 3rd period - Slapshot by Jan Mursak.
0:52 of 3rd period - Stopped by Jake Allen without a rebound.
0:53 of 3rd period - Jay Beagle wins face-off versus Quinton Howden in Thunder zone.
1:34 of 3rd period - Icing by Mike Hoffman.
1:35 of 3rd period - Ryan Nugent-Hopkins wins face-off versus Devin Shore in Thunder zone.
1:46 of 3rd period - Snap shot by Adam Hall.
1:46 of 3rd period - Deflect By Scott Parse.
1:46 of 3rd period - Stopped by Malcolm Subban with a rebound.
1:48 of 3rd period - Slapshot by Joey Ryan.
1:48 of 3rd period - Deflect By Nathan Oystrick.
1:48 of 3rd period - Stopped by Malcolm Subban without a rebound.
1:49 of 3rd period - Jamie Arniel wins face-off versus Jay Beagle in Griffins zone.
1:54 of 3rd period - Snap shot by Petr Pohl.
1:54 of 3rd period - Stopped by Jake Allen with a rebound.
1:56 of 3rd period - Wrist shot by Tye McGinn.
1:56 of 3rd period - Shot Blocked by Michael Stone.
2:05 of 3rd period - Off-side.
2:06 of 3rd period - Devin Shore wins face-off versus Daultan Leveillé in neutral zone.
3:14 of 3rd period - Slapshot by Justin Braun.
3:14 of 3rd period - Stopped by Jake Allen without a rebound.
3:15 of 3rd period - Quinton Howden wins face-off versus David Wolf in Thunder zone.
3:18 of 3rd period - Slapshot by Jan Mursak.
3:18 of 3rd period - Stopped by Jake Allen with a rebound.
3:20 of 3rd period - Slapshot by Lukas Krajicek.
3:20 of 3rd period - Deflect By Jan Mursak.
3:20 of 3rd period - Stopped by Jake Allen with a rebound.
3:44 of 3rd period - Off-side.
3:45 of 3rd period - Jamie Arniel wins face-off versus Jay Beagle in neutral zone.
3:48 of 3rd period - Slapshot by Nathan Oystrick.
3:48 of 3rd period - Stopped by Jake Allen with a rebound.
4:10 of 3rd period - Zach Redmond is hit by Greg Mauldin and loses puck.
4:39 of 3rd period - Snap shot by Adam Hall.
4:39 of 3rd period - Stopped by Malcolm Subban with a rebound.
4:44 of 3rd period - Icing by Jan Mursak.
4:45 of 3rd period - Quinton Howden wins face-off versus Daultan Leveillé in Griffins zone.
4:53 of 3rd period - Minor Penalty to Quinton Howden for Hooking.
4:54 of 3rd period - Jamie Arniel wins face-off versus Daultan Leveillé in Griffins zone.
5:48 of 3rd period - Scott Parse is hit by Justin Braun and loses puck.
5:52 of 3rd period - Icing by Scott Parse.
5:53 of 3rd period - Jamie Arniel wins face-off versus Jay Beagle in Thunder zone.
6:08 of 3rd period - Snap shot by Mike Duco.
6:08 of 3rd period - Stopped by Jake Allen without a rebound.
6:09 of 3rd period - Jamie Arniel wins face-off versus Daultan Leveillé in Thunder zone.
6:16 of 3rd period - Daultan Leveillé is hit by Lukas Krajicek and loses puck.
6:29 of 3rd period - Gord Baldwin is hit by Michael Stone and loses puck.
6:44 of 3rd period - Adam Hall is hit by Lukas Krajicek.
6:53 of 3rd period - Penalty to Quinton Howden is over, Quinton Howden is back on ice.
7:14 of 3rd period - Snap shot by David Wolf.
7:14 of 3rd period - Shot Misses the Net.
8:20 of 3rd period - Wrist shot by Dany Roussin.
8:20 of 3rd period - Stopped by Malcolm Subban with a rebound.
8:59 of 3rd period - Wrist shot by Jay Beagle.
8:59 of 3rd period - Stopped by Malcolm Subban with a rebound.
9:29 of 3rd period - Slapshot by Greg Mauldin.
9:29 of 3rd period - Stopped by Jake Allen with a rebound.
10:57 of 3rd period - David Wolf is hit by J.T. Brown and loses puck.
11:24 of 3rd period - Dany Roussin is hit by Justin Braun and loses puck.
11:47 of 3rd period - Austin Wuthrich is hit by Jan Mursak and loses puck.
12:00 of 3rd period - Mikko Vainonen is hit by Justin Braun and loses puck.
12:09 of 3rd period - Snap shot by Greg Mauldin.
12:09 of 3rd period - Shot Misses the Net.
12:21 of 3rd period - Wrist shot by Ben Hanowski.
12:21 of 3rd period - Deflect By David Wolf.
12:21 of 3rd period - Shot Misses the Net.
12:21 of 3rd period - Puck is out of play.
12:22 of 3rd period - Devin Shore wins face-off versus Jay Beagle in Thunder zone.
12:35 of 3rd period - Snap shot by Ben Hanowski.
12:35 of 3rd period - Deflect By Robert Dome.
12:35 of 3rd period - Stopped by Jake Allen without a rebound.
12:36 of 3rd period - Daultan Leveillé wins face-off versus Petr Pohl in Thunder zone.
12:41 of 3rd period - Slapshot by Petr Pohl.
12:41 of 3rd period - Shot Blocked by Michael Stone.
12:49 of 3rd period - Slapshot by Dany Roussin.
12:49 of 3rd period - Shot Misses the Net.
13:03 of 3rd period - Adam Hall is hit by Devin Shore and loses puck.
13:35 of 3rd period - Michael Stone is hit by J.T. Brown and loses puck.
13:46 of 3rd period - Slapshot by Petr Pohl.
13:46 of 3rd period - Stopped by Jake Allen with a rebound.
13:48 of 3rd period - Wrist shot by Jamie Arniel.
13:48 of 3rd period - Shot Misses the Net.
14:17 of 3rd period - Slapshot by Michael Stone.
14:17 of 3rd period - Stopped by Malcolm Subban with a rebound.
14:19 of 3rd period - Slapshot by Michael Stone.
14:19 of 3rd period - Shot Blocked by Mike Duco.
14:34 of 3rd period - Minor Penalty to Dougie Hamilton for Diving.
14:35 of 3rd period - Scott Parse wins face-off versus Jamie Arniel in Thunder zone.
14:35 of 3rd period - Scott Parse is hit by Oscar Klefbom.
15:04 of 3rd period - Wrist shot by Devin Shore.
15:04 of 3rd period - Shot Misses the Net.
15:06 of 3rd period - Snap shot by Ben Hanowski.
15:06 of 3rd period - Shot Misses the Net.
15:08 of 3rd period - Slapshot by Petter Granberg.
15:08 of 3rd period - Stopped by Jake Allen with a rebound.
15:10 of 3rd period - Slapshot by Petter Granberg.
15:10 of 3rd period - Shot Blocked by Peter Andersson.
15:38 of 3rd period - Dany Roussin is hit by Petr Pohl and loses puck.
16:34 of 3rd period - Penalty to Dougie Hamilton is over, Dougie Hamilton is back on ice.
16:49 of 3rd period - Snap shot by Mike Duco.
16:49 of 3rd period - Shot Blocked by Dougie Hamilton.
17:01 of 3rd period - Slapshot by J.T. Brown.
17:01 of 3rd period - Shot Blocked by Joey Ryan.
17:07 of 3rd period - Wrist shot by J.T. Brown.
17:07 of 3rd period - Stopped by Jake Allen without a rebound.
17:08 of 3rd period - Jay Beagle wins face-off versus Greg Mauldin in Thunder zone.
17:08 of 3rd period - Jay Beagle is hit by Pontus Aberg.
17:14 of 3rd period - Wrist shot by Adam Hall.
17:14 of 3rd period - Stopped by Malcolm Subban without a rebound.
17:15 of 3rd period - Greg Mauldin wins face-off versus Jay Beagle in Griffins zone.
17:15 of 3rd period - Greg Mauldin is hit by Gianluca Curcuruto.
17:23 of 3rd period - Snap shot by Adam Hall.
17:23 of 3rd period - Stopped by Malcolm Subban without a rebound.
17:24 of 3rd period - Greg Mauldin wins face-off versus Jay Beagle in Griffins zone.
17:26 of 3rd period - Minor Penalty to Oscar Klefbom for Holding.
17:27 of 3rd period - Jamie Arniel wins face-off versus Jay Beagle in Griffins zone.
19:02 of 3rd period - Gord Baldwin is hit by David Fischer and loses puck.
19:26 of 3rd period - Penalty to Oscar Klefbom is over, Oscar Klefbom is back on ice.
19:36 of 3rd period - Devin Shore is hit by Dougie Hamilton and loses puck.
19:56 of 3rd period - Thunder, Jake Allen is pulled from the net.
19:58 of 3rd period - Wrist shot by Thomas Spelling.
19:58 of 3rd period - Shot Blocked by Simon Despres.
Goals for this period are 0 for Thunder vs 0 for Griffins.
Shots for this period are 8 for Thunder vs 12 for Griffins.